Map: Blackpink LE

Players

Typhoid

  • Race: Protoss Protoss
  • League: Gold
  • Spawn Location: 1:00

Kozzy - Winner!

  • Race: Protoss Protoss
  • League: Gold
  • Spawn Location: 7:00

VOD

Have the link to the VOD?

Description

Time

  • Played on: April 4, 2018, 2:33 a.m.
  • Length: 8:25
Show
View Real Time Build Order
Export as new Build Order

Typhoid Protoss 

Build Orders:  

Get SALT Encoding   

  12  0:01  Probe  
  13  0:18  Probe  
  14  0:24  Pylon  
  14  0:37  Probe  
  15  0:43  Pylon  
  15  0:50  Gateway  
  15  0:54  Gateway  
  15  0:57  Probe  
  16  1:07  Assimilator  
  16  1:09  Assimilator  
  16  1:25  Forge  
  16  1:34  Probe  
  16  1:39  Zealot  
  19  1:42  Zealot  
  21  1:52  Probe  
  22  2:04  Probe  
  22  2:06  Cybernetics Core  
  23  2:16  Probe  
  23  2:21  Pylon  
  24  2:48  Stalker  
  24  2:49  Stalker  
  28  2:55  Gateway  
  28  2:59  Pylon, Photon Cannon  
  28  3:02  Warp Gate (Chrono Boost)  
  28  3:03  Probe  
  29  3:15  Probe  
  30  3:25  Adept  
  32  3:27  Stalker  
  34  3:39  Protoss Ground Weapons Level 1 (Chrono Boost)  
  34  4:09  Stalker  
  36  4:10  Adept  
  36  4:11  Stalker  
  40  4:27  Nexus  
  40  4:29  Pylon  
  36  5:09  Gateway  
  36  5:11  Photon Cannon  
  36  5:12  Probe  
  37  5:18  Assimilator  
  37  5:21  Assimilator  
  37  5:24  Probe  
  37  5:26  Gateway  
  36  5:36  Protoss Shields Level 1 (Chrono Boost), Probe  
  37  5:44  Twilight Council  
  37  5:48  Probe  
  38  5:50  Forge  
  38  5:59  Gateway  
  38  6:09  Probe (Chrono Boost)  
  39  6:16  Probe (Chrono Boost)  
  41  6:19  Probe (Chrono Boost)  
  41  6:24  Probe (Chrono Boost)  
  43  6:27  Probe (Chrono Boost)  
  43  6:28  Sentry  
  43  6:29  Sentry  
  45  6:42  Stalker, Shield Battery  
  43  6:47  Pylon  
  43  6:53  Stalker x2  
  33  7:07  Stalker x2  
  32  7:17  Stalker x2  
  30  7:27  Zealot  
  32  7:30  Probe  
  33  7:42  Probe  
  34  7:54  Probe  
  34  7:55  Photon Cannon  
  34  7:56  Pylon  
  35  8:06  Probe (Chrono Boost)  
  35  8:12  Photon Cannon  
  36  8:16  Probe (Chrono Boost)  
Show
View Real Time Build Order
Export as new Build Order

Kozzy Protoss - Winner!

Build Orders:  

Get SALT Encoding   

  12  0:01  Probe  
  13  0:13  Probe  
  14  0:21  Pylon  
  14  0:30  Probe  
  15  0:41  Gateway  
  15  0:42  Probe (Chrono Boost)  
  16  0:51  Assimilator  
  16  0:54  Probe (Chrono Boost)  
  17  1:02  Probe (Chrono Boost)  
  18  1:09  Probe (Chrono Boost)  
  19  1:20  Assimilator  
  19  1:21  Probe (Chrono Boost)  
  20  1:28  Pylon  
  20  1:30  Probe (Chrono Boost)  
  21  1:54  Cybernetics Core  
  21  1:55  Pylon  
  21  2:01  Forge  
  21  2:02  Gateway  
  21  2:10  Pylon  
  21  2:18  Probe  
  22  2:35  Stalker (Chrono Boost)  
  22  2:38  Shield Battery  
  22  2:43  Protoss Ground Weapons Level 1  
  24  2:56  Stalker (Chrono Boost)  
  24  2:58  Warp Gate  
  26  3:04  Pylon  
  26  3:07  Stalker (Chrono Boost)  
  28  3:14  Pylon  
  27  3:29  Stalker, Photon Cannon  
  27  3:32  Pylon  
  29  3:41  Shield Battery  
  29  3:48  Stalker  
  31  3:52  Probe  
  32  4:24  Stalker  
  34  4:49  Gateway  
  34  4:50  Gateway  
  34  5:01  Stalker  
  34  5:03  Stalker  
  38  5:09  Pylon  
  37  5:28  Photon Cannon  
  37  5:39  Stalker x2  
  41  5:47  Twilight Council  
  41  5:53  Stalker  
  41  5:54  Stalker  
  45  6:09  Stalker x2  
  49  6:27  Pylon  
  33  7:16  Gateway  
  33  7:17  Shield Battery  
  33  7:27  Stalker x4  
  37  7:51  Stalker x3  
  41  7:57  Stalker  
Tags
 
League
GoldGold
Matchup
PvP
Spawn Locations
Cross Positions
Add a new tag
Caveats
  • Supply blocks, unpowered buildings, or Contaminate may cause inaccurate times.
  • Supply counts are checked every 10 seconds.